← All builds
Beach sea / Legion / Economy first / OBSERVED BUILD

Standard beach sea

Legion Beach sea build order · Supreme Isthmus

Builds a shipyard early, gets a Syracusia out fast to contest or scout enemy sea entry, then expands into an Advanced Metal Extractor and more navy over the first 15 minutes.

Usually shipyard first (82%)

#naval #eco · 49 distinct matches · 27 players · 75% of Legion Beach sea games · team won 39% of 49 · Recently observed

HOW TO PLAY IT

Key timing: Shipyard by 2:06

  1. Take mex and wind while queuing the shipyard early.
  2. Get the shipyard up before 3:24 to start naval production.
  3. Add Argonaut and Iapetus to back up the early push.
  4. Push out a Syracusia fast to contest or scout enemy sea.
  5. Transition to T2 with an advanced mex as navy expands.

Phase by phase

TYPICAL OF ITS 49 GAMES
  1. 1
  2. 2
  3. 3
PLAY THE OPENING

Follow the example game's first 6:00 step by step: what to build now, what comes next, and where it goes. At 1× it keeps pace with your own game.

  1. 1

    Up to the Shipyard

    Economy
    • Metal Extractor3Mex
    • Wind Turbine3Wind
    • Wind Turbine2Windfor allies
    • Energy Storage1Energy storage
    Order
    1. ShipyardShipyard after 3 mex, 3 wind, 1 energy storagedone ~1:57, middle half 1:44–2:20

    By 1:41 in all: 3 mex · 3 wind · 1 energy storage

    The example game in this phase · 4 steps
    1. Mex ×3
    2. Wind
    3. Wind ×3for Air
    4. ShipyardShipyarddone 1:36 · typical 1:57
  2. 2

    Shipyard to 5:00

    Economy
    • Metal Extractor4Mex
    • Tidal Generator2Tidal
    Builders
    • Construction Ship2 Con ship
    Army
    • Argonaut1 Argonaut
    • Iapetus1 Iapetus
    • Syracusia1 Syracusia

    Some games also: Naval Radar / Sonar Tower (49%) · Hippocampus (47%) · wind (47%) · Stheno (47%) · Legion Drone (47%)

    By 5:00 in all: 7 mex · 4 wind · 2 tidal · 1 energy storage

    The example game in this phase · 27 steps
    1. Construction ShipCon ship
    2. Wind
    3. IapetusIapetus
    4. Wind ×2
    5. Mex
    6. Wind
    7. Tidal
    8. Mex
    9. Construction ShipCon ship
    10. Tidal
    11. KeteaSubmarine
    12. Tidal
    13. HippocampusHippocampus
    14. Mex
    15. HippocampusHippocampus
    16. Tidal
    17. HippocampusHippocampus
    18. Mex
    19. HippocampusHippocampus
    20. Tidal
    21. HippocampusHippocampus
    22. Mex
    23. ArgonautArgonaut
    24. Con turret
    25. ArgonautArgonaut
    26. Mex
    27. ArgonautArgonaut
  3. 3

    5:00 to 10:00

    Economy
    • Metal Extractor2Mex
    Builders
    • Dionysus1 Dionysus
    Army
    • Stheno1 Stheno
    • Legion Drone6 Legion Drone
    • Argonaut2 Argonaut
    • Syracusia2 Syracusia
    • Iapetus1 Iapetus
    Other
    • Naval Radar / Sonar Tower2 Naval Radar / Sonar Tower

    Some games also: Pharos (47%) · wind (43%) · con ship (43%) · wind (35%) · Naval Construction Turret (35%)

    By 10:00 in all: 9 mex · 7 wind · 4 tidal · 1 energy storage

    The example game in this phase · 119 steps
    1. Mex
    2. HippocampusHippocampus ×2
    3. PharosPharos
    4. Wind
    5. HippocampusHippocampus
    6. PharosPharos
    7. Wind
    8. HippocampusHippocampus
    9. PharosPharos
    10. Wind
    11. HippocampusHippocampus
    12. EuryaleEuryale
    13. Radar TowerRadar Tower
    14. HippocampusHippocampus
    15. Wind
    16. DionysusDionysus
    17. Wind
    18. Radar TowerRadar Tower
    19. HippocampusHippocampus
    20. BrambleBramble
    21. Wind
    22. HippocampusHippocampus
    23. Wind ×2
    24. HippocampusHippocampus ×2
    25. Wind
    26. Construction ShipCon ship
    27. Wind
    28. IapetusIapetus
    29. Construction ShipCon ship
    30. Con turret
    31. HippocampusHippocampus ×3
    32. Mex
    33. DionysusDionysus
    34. CorsairDestroyerdone 8:12
    35. Naval Radar / Sonar TowerNaval Radar / Sonar Tower
    36. DionysusDionysus
    37. HippocampusHippocampus
    38. Construction ShipCon ship
    39. Wind
    40. HippocampusHippocampus
    41. Wind
    42. KeteaSubmarine
    43. Wind ×2
    44. DionysusDionysus
    45. Wind ×2
    46. DionysusDionysus
    47. Wind ×2
    48. ArgonautArgonaut
    49. Wind ×2
    50. SyracusiaSyracusiadone 10:19 · typical 4:53
    51. Wind ×3
    52. DolphinDolphin
    53. Advanced Metal ExtractorT2 mexdone 11:01 · typical 9:42
    54. Wind
    55. Legion DroneLegion Drone
    56. SyracusiaSyracusia
    57. DolphinDolphin
    58. Wind
    59. DolphinDolphin
    60. Naval Radar / Sonar TowerNaval Radar / Sonar Tower
    61. Legion DroneLegion Drone
    62. Construction ShipCon ship
    63. Wind
    64. Tidal
    65. Legion DroneLegion Drone
    66. SyracusiaSyracusia
    67. Tidal
    68. Advanced Metal ExtractorT2 mex
    69. Wind
    70. Tidal
    71. Naval Radar / Sonar TowerNaval Radar / Sonar Tower
    72. Legion DroneLegion Drone
    73. Tidal
    74. Wind
    75. Tidal
    76. Wind
    77. Advanced Metal ExtractorT2 mex
    78. Tidal
    79. Wind
    80. Legion DroneLegion Drone
    81. Tidal ×2
    82. Naval Radar / Sonar TowerNaval Radar / Sonar Tower
    83. Legion DroneLegion Drone
    84. Wind
    85. Tidal
    86. Legion DroneLegion Drone
    87. HippocampusHippocampus
    88. Legion DroneLegion Drone
    89. Tidal
    90. HippocampusHippocampus
    91. Converter
    92. Legion DroneLegion Drone
    93. Tidal
    94. HippocampusHippocampus
    95. Legion DroneLegion Drone ×2
    96. HippocampusHippocampus
    97. Converter
    98. Tidal
    99. HippocampusHippocampus
    100. Converter
    101. Advanced Metal ExtractorT2 mex
    102. Naval Radar / Sonar TowerNaval Radar / Sonar Tower
    103. Tidal
    104. HippocampusHippocampus
    105. Converter
    106. Construction ShipCon ship
    107. Tidal
    108. Converter
    109. Tidal
    110. HippocampusHippocampus
    111. Converter
    112. Tidal
    113. PharosPharos
    114. Converter
    115. Naval Radar / Sonar TowerNaval Radar / Sonar Tower
    116. Tidal
    117. Converter
    118. Tidal
    119. Con turret

Counts are medians over the build's games: half of them build more, half fewer. The example game is JesterB's (33 OS, 24/09/2026); pick another.

Team trades

IN AT LEAST 30% OF ITS GAMES

You hand over

  • Wind Turbine3 Wind to Airfirst at 1:56 · in 67% of games

You get

  • Finch1 Finch from Airfirst at 2:01 · in 41% of games
  • Lazarus1 Lazarus from Geofirst at 2:18 · in 39% of games
  • Construction Bot1 Con bot from Geofirst at 2:27 · in 41% of games
  • Legion Construction Bot1 Legion Construction Bot from Geo or Air or Geo seafirst at 2:44 · in 33% of games
  • Advanced Construction Bot1 T2 con bot from Techfirst at 7:56 · in 76% of games

How it plays out

Typical game of this build, running totals by minute

Metal produced

010k20k30k
0:005:0010:0015:00

metal

Enemy metal destroyed

02.5k5k7.5k
0:005:0010:0015:00

metal

Own metal lost

02.5k5k7.5k
0:005:0010:0015:00

metal

49 games.

Show as table
ByMetal produced: This buildEnemy metal destroyed: This buildOwn metal lost: This build
1:0039800
2:0093100
3:00156200
4:00246000
5:0036458568
6:004920345230
7:006284875361
8:0076991386860
9:00913817181260
10:001088527731830
11:001289936062541
12:001524842733556
13:001823248624380
14:002023854804892
15:002303263656215
WHAT THE NUMBERS SAY

Standard beach sea has the weakest win rate here, with own metal lost outpacing enemy metal destroyed by 15:00.

  • + Early Syracusia by 4:43 gives fast sea presence to contest entry.
  • − Team wins only 38% of games, own metal lost (5105) nearly matches enemy destroyed (6441).
THE EXAMPLE YOU ARE READING

JesterB

32.5 OS · 24/09/2026

Open source match ↗

7 received units · includes a constructor
201 metal received · 15903 energy received

Allied construction assistance is unknown. Timings are observations, not a promise of solo reproducibility.

Typical milestones

Shipyard1:57Middle 50%: 1:44–2:20 · n=49
Syracusia4:53Middle 50%: 4:25–5:47 · n=40
Advanced Metal Extractor9:42Middle 50%: 9:05–10:17 · n=35

Played most by

Rysica5games of this buildJesterB4games of this buildNFX_Scurvy4games of this buildAdeus3games of this buildEpicTyrannus3games of this build